[Event "Titled Tuesday Blitz December 20 Early 2022"]
[White "Abasov, Nijat"]
[Black "Sovetov, Oleksandr"]
[WhiteFideId "13402960"]
[BlackFideId "34105786"]
[WhiteElo "2634"]
[BlackElo "1976"]
[Result "1-0"]
[Round "01"]
[TimeControl "180+2"]
[Date "2022.12.20"]
[WhiteClock "0:01:36"]
[BlackClock "0:01:15"]

1. d4 Nf6 2. Nf3 g6 3. Nbd2 d5 4. b4 a5 5. b5 a4 6. c4 c6 7. e3 Bg7 8. Ba3 cxb5 9. cxb5 O-O 10. Bd3 Nbd7 11. O-O Nb6 12. Ne5 Bf5 13. Bxf5 gxf5 14. Rc1 Re8 15. Qe2 e6 16. Rc2 Ne4 17. Rfc1 Nxd2 18. Qxd2 Bxe5 19. dxe5 Nc4 20. Qc3 Qa5 21. Bb4 Qxb5 22. a3 Rac8 23. Qd4 Qb6 24. Rxc4 Qxd4 25. Rxc8 Qb2 26. Rxe8+ Kg7 27. Rec8 f4 28. exf4 Kg6 29. g4 Qe2 30. Rg8+ Kh6 31. Bf8# 1-0


[Site "https://www.chess.com"]

[Event "Titled Tuesday Blitz December 20 Early 2022"]
[White "Abd El Fatah, Reda Fadel"]
[Black "ChessFanNM"]
[WhiteFideId "10600752"]
[WhiteElo "2134"]
[BlackElo "2395"]
[Result "1-0"]
[Round "01"]
[TimeControl "180+2"]
[Date "2022.12.20"]
[WhiteClock "0:00:41"]
[BlackClock "0:00:01"]

1. e4 c6 2. d4 d5 3. exd5 cxd5 4. c4 Nf6 5. Nc3 Nc6 6. Nf3 Bg4 7. cxd5 Nxd5 8. Bc4 e6 9. O-O Be7 10. Be3 O-O 11. h3 Bh5 12. Be2 Bf6 13. Ne4 Bg6 14. Nxf6+ Qxf6 15. Bg5 Qf5 16. Re1 Nf4 17. Bf1 h6 18. g4 Qxg5 19. Nxg5 hxg5 20. Bg2 Rad8 21. Bxc6 bxc6 22. Re3 c5 23. dxc5 Rxd1+ 24. Rxd1 a5 25. Ra3 Rc8 26. Rxa5 Nxh3+ 27. Kh2 Nxf2 28. Rd4 e5 29. Rda4 Rc6 30. b4 Nxg4+ 31. Kg3 Nf6 32. Ra6 Ne4+ 33. Kg2 Rc7 34. Ra7 Rc6 35. R4a6 Nf6 36. Rxc6 Be4+ 37. Kg1 Bxc6 38. a4 e4 39. b5 Bd5 40. c6 e3 41. c7 Be6 42. Ra8+ Kh7 43. c8=Q Bxc8 44. Rxc8 Ne4 45. Rc2 f5 46. b6 Nd6 47. a5 f4 48. a6 f3 49. a7 f2+ 50. Rxf2 exf2+ 51. Kxf2 Nc8 52. a8=Q Nxb6 53. Qe4+ Kh8 54. Qe8+ Kh7 55. Qh5+ Kg8 56. Qxg5 Nd7 57. Qd8+ Nf8 58. Kf3 Kf7 59. Kg4 Kg8 60. Kf5 Kf7 61. Qc7+ Kg8 62. Qe7 Nh7 63. Qd8+ Nf8 64. Qe8 g6+ 65. Kf6 Kh7 66. Qxf8 1-0


[Site "https://www.chess.com"]

[Event "Titled Tuesday Blitz December 20 Early 2022"]
[White "Ademi, Sead"]
[Black "Hsu, Li Yang"]
[WhiteFideId "906514"]
[BlackFideId "5800080"]
[WhiteElo "2168"]
[BlackElo "2427"]
[Result "0-1"]
[Round "01"]
[TimeControl "180+2"]
[Date "2022.12.20"]
[WhiteClock "0:00:02"]
[BlackClock "0:00:10"]

1. e4 c6 2. d4 d5 3. exd5 cxd5 4. Bd3 Nc6 5. c3 Qc7 6. Ne2 Bg4 7. f3 Bd7 8. O-O e5 9. dxe5 Nxe5 10. Bf4 Bd6 11. Bg3 Qb6+ 12. Nd4 Qxb2 13. Re1 Qxa1 14. Bxe5 Bxe5 15. Rxe5+ Kf8 16. Qb3 Nf6 17. Bf5 Bc6 18. Bd3 g6 19. Qb4+ Kg7 20. Re7 Bd7 21. Bb5 a5 22. Qb3 Rhe8 23. Rxe8 Rxe8 24. Kf2 Bxb5 25. Nxb5 a4 26. Qc2 Rc8 27. Nd4 Rc4 28. Ke3 a3 29. Nb3 Qb2 30. Kd2 Qxc2+ 31. Kxc2 Rh4 32. h3 Nh5 33. Nxa3 Ra4 34. Kb2 Nf4 35. Nc5 Ra7 36. Nb5 Ra5 37. a4 Nxg2 38. Kb3 Nf4 39. Nxb7 Ra6 40. Nc5 Rc6 41. Kb4 Nxh3 42. a5 Ng5 43. Nd4 Rc8 44. a6 h5 45. Kb5 h4 46. f4 Ne4 47. Nxe4 dxe4 48. a7 h3 49. Ne2 h2 50. Ng3 g5 0-1


[Site "https://www.chess.com"]

[Event "Titled Tuesday Blitz December 20 Early 2022"]
[White "Agh, Miklos"]
[Black "Roshka, Yevgeniy"]
[WhiteFideId "703176"]
[BlackFideId "14129558"]
[WhiteElo "2152"]
[BlackElo "2429"]
[Result "1-0"]
[Round "01"]
[TimeControl "180+2"]
[Date "2022.12.20"]
[WhiteClock "0:01:38"]
[BlackClock "0:00:29"]

1. d4 d5 2. c4 dxc4 3. e4 e5 4. Nf3 Bb4+ 5. Bd2 Bxd2+ 6. Qxd2 exd4 7. Bxc4 Ne7 8. Qxd4 O-O 9. O-O Nbc6 10. Qe3 Ng6 11. Nc3 Nce5 12. Be2 Nxf3+ 13. Bxf3 Ne5 14. Be2 Be6 15. Rad1 Qc8 16. f4 Nc4 17. Qc1 f5 18. exf5 Rxf5 19. Bd3 Rf7 20. f5 Nxb2 21. Qxb2 Bxf5 22. Bc4 Be6 23. Rd8+ Qxd8 24. Bxe6 Qd4+ 25. Qf2 Qxc3 26. Qxf7+ Kh8 27. Qf8+ 1-0


[Site "https://www.chess.com"]

[Event "Titled Tuesday Blitz December 20 Early 2022"]
[White "Aishath, Aika"]
[Black "D`Arruda, Ricardo D."]
[WhiteFideId "16702026"]
[BlackFideId "100692"]
[WhiteElo "2770"]
[BlackElo "2271"]
[Result "1/2-1/2"]
[Round "01"]
[TimeControl "180+2"]
[Date "2022.12.20"]
[WhiteClock "0:00:57"]
[BlackClock "0:00:53"]

1. d4 Nf6 2. c4 e5 3. dxe5 Ne4 4. Nd2 Nc5 5. Ngf3 Nc6 6. g3 d6 7. exd6 Qxd6 8. Bg2 Be7 9. O-O Bf5 10. Nb3 Qxd1 11. Rxd1 Bc2 12. Rf1 Bxb3 13. axb3 Nxb3 14. Rb1 Nxc1 15. Rbxc1 O-O-O 16. Rfd1 Bf6 17. b3 Na5 18. Bh3+ Kb8 19. Rxd8+ Rxd8 20. b4 Nb3 21. Rb1 Nd2 22. Nxd2 Rxd2 23. e3 Rb2 24. Rxb2 Bxb2 25. Bf5 g6 26. Bc2 Bc3 27. b5 a5 28. bxa6 bxa6 29. Kf1 c5 30. Ke2 Kc7 31. Kd3 Be1 32. f4 h6 33. g4 Kd6 34. Ba4 a5 35. e4 f6 36. h3 g5 37. e5+ fxe5 38. f5 Bf2 39. Ke4 Bd4 40. Bb5 Ke7 41. Ba4 Kf6 42. Kd5 Bf2 43. Ke4 Bd4 44. Bb5 Bf2 45. Ba4 Bd4 1/2-1/2


[Site "https://www.chess.com"]

[Event "Titled Tuesday Blitz December 20 Early 2022"]
[White "Al-Kailani, Zaid"]
[Black "McCarthyStone"]
[WhiteFideId "8100187"]
[WhiteElo "2053"]
[BlackElo "2471"]
[Result "1-0"]
[Round "01"]
[TimeControl "180+2"]
[Date "2022.12.20"]
[WhiteClock "0:00:35"]
[BlackClock "0:00:11"]

1. e4 e5 2. Nf3 d6 3. d4 exd4 4. Nxd4 Nf6 5. Nc3 g6 6. Bc4 Bg7 7. O-O O-O 8. Re1 Re8 9. h3 Nc6 10. Nxc6 bxc6 11. Bg5 h6 12. Bf4 Rb8 13. Bb3 Nd7 14. Qd2 g5 15. Be3 a5 16. f4 gxf4 17. Bxf4 Qf6 18. Kh1 Nc5 19. Rf1 Nxb3 20. axb3 Qd4 21. Qxd4 Bxd4 22. Bxh6 Bxc3 23. bxc3 Rxe4 24. Rxa5 Be6 25. Rg5+ Kh7 26. Rf6 Rg8 27. Rxg8 Kxg8 28. Rf2 c5 29. Bg5 Kf8 30. Kh2 Kg7 31. Bd8 c6 32. Be7 c4 33. b4 d5 34. Bc5 Kg6 35. Bd4 Re1 36. g4 f5 37. gxf5+ Bxf5 38. h4 Rc1 39. h5+ Kxh5 40. Rxf5+ Kg4 41. Rf2 Rd1 42. Kg2 Rc1 43. Re2 Rd1 44. Kf2 Rh1 45. Re6 Rh2+ 46. Ke3 Rxc2 47. Rxc6 Kf5 48. Rd6 Rc1 49. Rxd5+ 1-0


[Site "https://www.chess.com"]

[Event "Titled Tuesday Blitz December 20 Early 2022"]
[White "Albano, Marco"]
[Black "Sadykov_Ramil"]
[WhiteFideId "801178"]
[WhiteElo "2291"]
[BlackElo "2546"]
[Result "0-1"]
[Round "01"]
[TimeControl "180+2"]
[Date "2022.12.20"]
[WhiteClock "0:01:12"]
[BlackClock "0:01:32"]

1. e4 c5 2. Nf3 Nc6 3. d4 cxd4 4. Nxd4 Nf6 5. Nc3 d6 6. Bg5 Bd7 7. Qd2 h6 8. Bh4 g5 9. Bg3 Bg7 10. h4 Nxd4 11. hxg5 Ng4 12. f3 Ne5 13. gxh6 Bf6 14. Nd5 Nexf3+ 15. gxf3 Nxf3+ 16. Kd1 Nxd2 17. Kxd2 Bg5+ 18. Bf4 e6 19. Nc7+ Qxc7 20. Bxg5 Qc5 21. Bf6 Qf2+ 0-1


[Site "https://www.chess.com"]

[Event "Titled Tuesday Blitz December 20 Early 2022"]
[White "AldokhinIvan"]
[Black "IronicSteal05"]
[WhiteElo "2572"]
[BlackElo "2245"]
[Result "1-0"]
[Round "01"]
[TimeControl "180+2"]
[Date "2022.12.20"]
[WhiteClock "0:01:50"]
[BlackClock "0:01:59"]

1. e4 c5 2. Nf3 d6 3. d4 cxd4 4. Nxd4 Nf6 5. Nc3 a6 6. Bc4 e6 7. Bb3 Nbd7 8. O-O Nc5 9. f4 Be7 10. e5 Nfd7 11. exd6 Bf6 12. f5 e5 13. Ne6 fxe6 14. Qh5+ Kf8 15. fxe6 Nxe6 16. Bxe6 Qb6+ 17. Kh1 Qxd6 18. Qf7# 1-0


[Site "https://www.chess.com"]

[Event "Titled Tuesday Blitz December 20 Early 2022"]
[White "Alex_Sahakyan2006"]
[Black "kidagent"]
[WhiteElo "2611"]
[BlackElo "2292"]
[Result "1-0"]
[Round "01"]
[TimeControl "180+2"]
[Date "2022.12.20"]
[WhiteClock "0:02:19"]
[BlackClock "0:00:10"]

1. d4 d5 2. c4 c6 3. Nf3 Nf6 4. Qc2 g6 5. e3 Bf5 6. Bd3 Bxd3 7. Qxd3 dxc4 8. Qxc4 Bg7 9. Nc3 O-O 10. O-O Nbd7 11. e4 Qc7 12. e5 Nb6 13. Qe2 Nfd5 14. Ne4 f6 15. Nc5 Qc8 16. h3 fxe5 17. Nxe5 Qf5 18. Nxb7 Bxe5 19. Qxe5 Qxe5 20. dxe5 Na4 21. b3 Nac3 22. Nc5 Ne2+ 23. Kh2 Rad8 24. Ne6 Nxc1 25. Raxc1 Rd7 26. Nxf8 Kxf8 27. Rxc6 1-0


[Site "https://www.chess.com"]

[Event "Titled Tuesday Blitz December 20 Early 2022"]
[White "Alibaev, Akbar"]
[Black "Chernov_Mikhail"]
[WhiteFideId "14200325"]
[WhiteElo "2295"]
[BlackElo "2398"]
[Result "1-0"]
[Round "01"]
[TimeControl "180+2"]
[Date "2022.12.20"]
[WhiteClock "0:00:52"]
[BlackClock "0:00:05"]

1. Nf3 c5 2. e4 Nc6 3. Bb5 g6 4. O-O Bg7 5. c3 e5 6. d4 exd4 7. cxd4 cxd4 8. Bf4 Nge7 9. Bd6 Qb6 10. Na3 a6 11. Bd3 O-O 12. Qd2 Re8 13. Nc4 Qd8 14. a4 h6 15. a5 Kh7 16. Rfe1 Ng8 17. e5 b5 18. axb6 Bb7 19. Qf4 Nb4 20. Be4 Bxe4 21. Rxe4 Nd5 22. Qxf7 Nxb6 23. Rg4 Re6 24. Nxb6 Qxb6 25. Qxd7 Qxb2 26. Rf1 Rae8 27. Qf7 d3 28. Rh4 Rxe5 29. Bxe5 Rxe5 30. Rg4 Re7 31. Qxg6+ Kh8 32. Qxd3 a5 33. Nh4 Re6 34. Ng6+ Rxg6 35. Qxg6 1-0


[Site "https://www.chess.com"]

[Event "Titled Tuesday Blitz December 20 Early 2022"]
[White "Almaguer, Reynaldo"]
[Black "Benamar, Benious"]
[WhiteFideId "3503062"]
[BlackFideId "45118841"]
[WhiteElo "2163"]
[BlackElo "1136"]
[Result "0-1"]
[Round "01"]
[TimeControl "180+2"]
[Date "2022.12.20"]
[WhiteClock "0:00:13"]
[BlackClock "0:00:07"]

1. e4 d6 2. d4 Nf6 3. Nc3 c6 4. Bd3 e5 5. Nf3 Nbd7 6. Bg5 Be7 7. Qd2 O-O 8. Rg1 b5 9. a3 Re8 10. d5 cxd5 11. Bxf6 Nxf6 12. Bxb5 d4 13. Nd5 Bd7 14. Nxf6+ Bxf6 15. Bc4 Rc8 16. Qd3 Qa5+ 17. Nd2 Bg5 18. O-O-O Rc7 19. g3 Bg4 20. f4 Bxd1 21. fxg5 Bg4 22. Qb3 Qb6 23. Qxb6 axb6 24. Bd3 Be6 25. Kb1 d5 26. h3 dxe4 27. Bxe4 g6 28. g4 Kg7 29. h4 b5 30. Rf1 Rb8 31. h5 b4 32. axb4 Rxb4 33. h6+ Kf8 34. Rg1 Ke7 35. Kc1 Ra7 36. Nb1 Ra1 37. Bd3 Rb7 38. Kd2 Rxb2 39. Re1 Rbxb1 0-1


[Site "https://www.chess.com"]

[Event "Titled Tuesday Blitz December 20 Early 2022"]
[White "AlmasChampion1"]
[Black "Aleksandar-Topalov"]
[WhiteElo "2747"]
[BlackElo "2401"]
[Result "1-0"]
[Round "01"]
[TimeControl "180+2"]
[Date "2022.12.20"]
[WhiteClock "0:00:09"]
[BlackClock "0:00:03"]

1. e4 e6 2. d4 d5 3. Nc3 Bb4 4. Ne2 Nf6 5. Bg5 h6 6. Bxf6 Qxf6 7. a3 Bxc3+ 8. Nxc3 O-O 9. Bd3 Qxd4 10. O-O dxe4 11. Bxe4 Qb6 12. Qf3 Nc6 13. b4 Nd4 14. Qe3 e5 15. Nd5 Qd6 16. c3 c6 17. cxd4 cxd5 18. dxe5 Qe6 19. Bd3 Re8 20. f4 Qb6 21. Kf2 d4 22. Qe4 f5 23. Qe2 Be6 24. Rfc1 Rac8 25. Qd2 Rc3 26. Ke1 Rec8 27. Rxc3 dxc3 28. Qf2 Qd8 29. Rd1 Qc7 30. Bc2 a5 31. Rd6 Kf7 32. g4 fxg4 33. f5 Bc4 34. f6 Re8 35. fxg7+ Kg8 36. Qd4 Qf7 37. Bd3 Rxe5+ 38. Qxe5 Bxd3 39. Rd8+ Kh7 40. Rh8+ Kg6 41. g8=Q+ Qxg8 42. Rxg8+ 1-0


[Site "https://www.chess.com"]

[Event "Titled Tuesday Blitz December 20 Early 2022"]
[White "AnaKuchava"]
[Black "Manukyan_Artak"]
[WhiteElo "2212"]
[BlackElo "2560"]
[Result "0-1"]
[Round "01"]
[TimeControl "180+2"]
[Date "2022.12.20"]
[WhiteClock "0:00:11"]
[BlackClock "0:00:24"]

1. d4 d5 2. Nf3 Nf6 3. c4 dxc4 4. e3 e6 5. Bxc4 c5 6. O-O a6 7. a4 Nc6 8. Nc3 cxd4 9. exd4 Be7 10. Be3 Nb4 11. Qe2 O-O 12. Rad1 Bd7 13. Ne5 Rc8 14. Bg5 Bc6 15. Bb3 Nfd5 16. Bc1 Be8 17. Qf3 b5 18. axb5 axb5 19. Qh3 Nxc3 20. bxc3 Nd5 21. Bc2 g6 22. Rd3 Nb4 23. cxb4 Rxc2 24. Bh6 Bxb4 25. Bxf8 Bxf8 26. Qf3 b4 27. d5 exd5 28. Rxd5 Qc7 29. Ng4 Bc6 30. Nf6+ Kg7 31. Qg4 Kxf6 32. Qg5+ Kg7 33. Rd8 Be7 0-1


[Site "https://www.chess.com"]

[Event "Titled Tuesday Blitz December 20 Early 2022"]
[White "Andrii_Prydun"]
[Black "UnknownMagician"]
[WhiteElo "2387"]
[BlackElo "2635"]
[Result "0-1"]
[Round "01"]
[TimeControl "180+2"]
[Date "2022.12.20"]
[WhiteClock "0:00:01"]
[BlackClock "0:00:39"]

1. e4 c6 2. d4 d5 3. e5 Bf5 4. Bd3 Bxd3 5. cxd3 e6 6. Nc3 Ne7 7. Nf3 Nf5 8. O-O Be7 9. g4 Nh4 10. Nxh4 Bxh4 11. f4 Qb6 12. Ne2 h5 13. h3 Nd7 14. a4 hxg4 15. hxg4 O-O-O 16. a5 Qb5 17. Be3 Kb8 18. Qc2 f6 19. Ra4 g5 20. Nc3 Qa6 21. exf6 Nxf6 22. Qe2 Rhg8 23. fxg5 Nh7 24. Bf4+ Ka8 25. b4 Bxg5 26. Bg3 Nf6 27. b5 cxb5 28. Rb4 Nxg4 29. Nxb5 Rc8 30. Nd6 Ne3 31. Rf8 Rgxf8 0-1


[Site "https://www.chess.com"]

[Event "Titled Tuesday Blitz December 20 Early 2022"]
[White "Arancibia Guzman, Eduardo"]
[Black "Salles, Louis"]
[WhiteFideId "3400670"]
[BlackFideId "20641826"]
[WhiteElo "2333"]
[BlackElo "2287"]
[Result "0-1"]
[Round "01"]
[TimeControl "180+2"]
[Date "2022.12.20"]
[WhiteClock "0:00:07"]
[BlackClock "0:01:31"]

1. Nf3 d5 2. g3 g6 3. Bg2 Bg7 4. O-O e6 5. d4 Ne7 6. c4 O-O 7. Nc3 Nbc6 8. cxd5 exd5 9. Bf4 a6 10. e3 Bf5 11. Rc1 f6 12. h4 h6 13. Nh2 g5 14. g4 Be6 15. Bg3 Qd7 16. f3 Rae8 17. Re1 f5 18. hxg5 hxg5 19. Bh3 f4 20. exf4 Bxd4+ 21. Bf2 Bxf2+ 22. Kxf2 Rxf4 23. Ne2 Rf7 24. Nd4 Ng6 25. Bf1 Nxd4 26. Qxd4 b6 27. Bd3 Nf4 28. Bb1 c5 29. Qe5 Rg7 30. b4 c4 31. Rcd1 b5 32. Nf1 Bf7 33. Qd4 Rxe1 34. Rxe1 Bg6 35. Bxg6 Rxg6 36. Re3 Qh7 37. Ng3 Qh2+ 38. Kf1 Qg2+ 39. Ke1 Qxg3+ 40. Kd2 Qf2+ 41. Kc1 Ne2+ 42. Rxe2 Qxd4 0-1


[Site "https://www.chess.com"]

[Event "Titled Tuesday Blitz December 20 Early 2022"]
[White "Arora, Tashika"]
[Black "stollenmonster"]
[WhiteFideId "459305"]
[WhiteElo "1896"]
[BlackElo "2932"]
[Result "1-0"]
[Round "01"]
[TimeControl "180+2"]
[Date "2022.12.20"]
[WhiteClock "0:00:20"]
[BlackClock "0:00:12"]

1. c4 Nf6 2. Nc3 e6 3. e4 d5 4. cxd5 exd5 5. e5 d4 6. exf6 dxc3 7. Bb5+ c6 8. Qe2+ Be6 9. Bc4 cxd2+ 10. Bxd2 Qxf6 11. Nf3 Nd7 12. O-O Bd6 13. Bg5 Qg6 14. Rad1 Bc7 15. Rfe1 Nf8 16. Nd4 Qxg5 17. Nxe6 fxe6 18. Bxe6 Qe5 19. Bf7+ Kxf7 20. Qc4+ Kf6 21. Rxe5 Bxe5 22. f4 Bc7 23. Qc3+ Kf7 24. Qb3+ Kf6 25. Qxb7 Bb6+ 26. Kf1 Re8 27. Rd6+ Ne6 28. Qxc6 Re7 29. g4 Kf7 30. Qd5 Rc8 31. Qf5+ Ke8 32. Rxe6 Rc1+ 33. Kg2 g6 34. Rxe7+ Kxe7 35. Qe5+ Kf7 36. Qd5+ Ke7 37. Qe4+ Kf7 38. f5 Rc7 39. Qe6+ Kf8 40. f6 Rc2+ 41. Kf3 Rf2+ 42. Kg3 Bc5 43. Qc8+ Kf7 44. Qxc5 Rxf6 45. Qc7+ Kg8 46. Qxa7 h6 47. b4 g5 48. b5 Rf1 49. b6 1-0


[Site "https://www.chess.com"]

[Event "Titled Tuesday Blitz December 20 Early 2022"]
[White "Artels, Lieven"]
[Black "Abundo, Casto"]
[WhiteFideId "205834"]
[BlackFideId "5200512"]
[WhiteElo "1984"]
[BlackElo "2175"]
[Result "0-1"]
[Round "01"]
[TimeControl "180+2"]
[Date "2022.12.20"]
[WhiteClock "0:00:04"]
[BlackClock "0:00:46"]

1. b4 d5 2. Bb2 Nf6 3. e3 Bg4 4. Nf3 Nbd7 5. c4 c6 6. a3 e5 7. Be2 Bd6 8. d4 Bxf3 9. Bxf3 e4 10. Be2 O-O 11. O-O Qe7 12. c5 Bc7 13. Nd2 b5 14. Re1 h5 15. Nf1 g6 16. Ng3 Rfb8 17. h4 Nh7 18. Bc3 Qxh4 19. Bxh5 Bxg3 20. fxg3 Qxh5 21. Qxh5 gxh5 22. Rf1 Re8 23. Rf5 Ndf6 24. Raf1 Re6 25. R1f4 a6 26. Rh4 Kh8 27. Kh2 Rg8 28. Be1 Rg4 29. Kh3 Ng5+ 30. Kh2 Kg7 31. Kg1 Kg6 32. Rf4 Rxh4 33. gxh4 Ngh7 34. Bg3 Ng4 35. Kf1 Nxe3+ 36. Ke2 Nc4 37. Be1 Rf6 38. Rxf6+ Nxf6 39. Bd2 Nxa3 40. Bc3 Nc4 41. g3 Kf5 42. Be1 Kg4 43. Kf2 Ne8 44. Kg2 Ng7 45. Bf2 Nf5 46. Be1 Nfe3+ 47. Kf2 Nc2 48. Kf1 f5 49. Bf2 Nxb4 50. Kg2 Nc2 51. Kf1 a5 0-1


[Site "https://www.chess.com"]

[Event "Titled Tuesday Blitz December 20 Early 2022"]
[White "Artem_0degov"]
[Black "Boudreaux, Floyd"]
[BlackFideId "2016370"]
[WhiteElo "2661"]
[BlackElo "2088"]
[Result "0-1"]
[Round "01"]
[TimeControl "180+2"]
[Date "2022.12.20"]
[WhiteClock "0:00:11"]
[BlackClock "0:00:20"]

1. d4 Nf6 2. c4 c5 3. d5 b5 4. cxb5 a6 5. b6 d6 6. Nc3 Nbd7 7. e4 g6 8. a4 Qxb6 9. Nf3 Bg7 10. Be2 O-O 11. O-O Rb8 12. Nd2 Ne8 13. Qc2 e6 14. Nc4 Qc7 15. Bg5 Ne5 16. Rad1 Nxc4 17. Bxc4 e5 18. b3 f5 19. f4 h6 20. Bh4 exf4 21. Kh1 g5 22. Be1 Be5 23. Bd3 Qf7 24. g3 fxg3 25. hxg3 f4 26. gxf4 Bxf4 27. Bd2 Qh5+ 28. Kg2 Qh2+ 29. Kf3 Qg3+ 30. Ke2 Bg4+ 31. Rf3 Bxf3+ 32. Kf1 Qg2+ 33. Ke1 Bg3# 0-1


[Site "https://www.chess.com"]

[Event "Titled Tuesday Blitz December 20 Early 2022"]
[White "AsaHoffmann"]
[Black "FaustinoOro"]
[WhiteElo "2376"]
[BlackElo "2633"]
[Result "0-1"]
[Round "01"]
[TimeControl "180+2"]
[Date "2022.12.20"]
[WhiteClock "0:00:03"]
[BlackClock "0:00:02"]

1. d4 Nf6 2. Bg5 e6 3. Nd2 h6 4. Bh4 d5 5. e3 Be7 6. Bd3 c5 7. c3 O-O 8. f4 cxd4 9. exd4 Bd6 10. Nh3 Nbd7 11. O-O Qc7 12. Qf3 Nb6 13. g4 Nc4 14. Nxc4 dxc4 15. Bc2 Nd5 16. g5 Be7 17. Qh5 f5 18. gxh6 Bxh4 19. Qxh4 Rf6 20. h7+ Kh8 21. Ng5 Bd7 22. Rae1 Raf8 23. Rf3 Rh6 24. Qg3 Qd6 25. Re5 Bc6 26. Rf2 Ne7 27. Rfe2 Bd5 28. Rf2 Ng6 29. Bd1 Nxe5 30. fxe5 Qe7 31. h4 b5 32. Bf3 Qd7 33. Qf4 Bxf3 34. Rxf3 Qd5 35. Kf2 a5 36. Kg3 b4 37. Qd2 Qb5 38. Nh3 b3 39. a3 Rxh7 40. Nf4 Rh6 41. h5 Kh7 42. Kh4 Qe8 43. Rg3 Qe7+ 44. Rg5 Qe8 45. Qg2 Rf7 46. Rg6 Rd7 47. Rxh6+ gxh6 48. Qg6+ Qxg6 49. hxg6+ Kg8 50. Nxe6 Re7 51. Nf4 Kg7 52. Kh5 Re8 53. e6 Kf6 54. d5 Ke5 0-1


[Site "https://www.chess.com"]

[Event "Titled Tuesday Blitz December 20 Early 2022"]
[White "AttractiveChess"]
[Black "Viktorin, Tomas"]
[BlackFideId "328316"]
[WhiteElo "2784"]
[BlackElo "1971"]
[Result "1-0"]
[Round "01"]
[TimeControl "180+2"]
[Date "2022.12.20"]
[WhiteClock "0:00:38"]
[BlackClock "0:00:14"]

1. Nf3 Nf6 2. c4 g6 3. g3 Bg7 4. Bg2 O-O 5. O-O d6 6. d4 Nc6 7. Nc3 a6 8. d5 Na5 9. b3 c5 10. dxc6 bxc6 11. Bg5 Nd7 12. Qd2 Rb8 13. Bh6 c5 14. Bxg7 Kxg7 15. h4 h5 16. Nd5 Nc6 17. Ng5 Nde5 18. Rad1 a5 19. f4 Ng4 20. Qc3+ Kg8 21. Ne4 Bd7 22. Nf2 Nxf2 23. Kxf2 Nd4 24. e3 Nf5 25. a4 Be6 26. Rd3 Ng7 27. e4 Bg4 28. Ne3 Qc8 29. Qxa5 Bh3 30. Nd5 Re8 31. f5 Bxg2 32. Kxg2 gxf5 33. exf5 Nxf5 34. Rdf3 e6 35. Nf6+ Kf8 36. Nxe8 Kxe8 37. Qd2 Kd7 38. Rxf5 exf5 39. Rxf5 Qe8 40. Qd3 Qe6 41. Rxc5 Rg8 42. Rg5 Re8 43. Qf5 Qxf5 44. Rxf5 Re3 45. Rb5 Kc6 46. a5 Re2+ 47. Kf3 Ra2 48. Rxh5 Ra3 49. Rb5 d5 50. Rxd5 Rxb3+ 51. Kg2 Rc3 52. Rf5 Rxc4 53. Rxf7 Kb5 54. Rf5+ Ka6 55. h5 1-0


[Site "https://www.chess.com"]

[Event "Titled Tuesday Blitz December 20 Early 2022"]
[White "AwareIdea"]
[Black "tortorchess"]
[WhiteElo "2513"]
[BlackElo "1836"]
[Result "1-0"]
[Round "01"]
[TimeControl "180+2"]
[Date "2022.12.20"]
[WhiteClock "0:00:46"]
[BlackClock "0:00:17"]

1. d4 d5 2. c4 c6 3. Nf3 Nf6 4. e3 g6 5. Nc3 Bg7 6. Be2 O-O 7. O-O Bg4 8. Qb3 Qb6 9. h3 Bxf3 10. Bxf3 e6 11. Rd1 Nbd7 12. Qc2 Rac8 13. e4 dxe4 14. Nxe4 Nxe4 15. Qxe4 Nf6 16. Qc2 Rfd8 17. Be3 Qc7 18. Rac1 Rd7 19. Qa4 a6 20. d5 exd5 21. cxd5 Rcd8 22. dxc6 Rxd1+ 23. Bxd1 bxc6 24. Bf3 Nd5 25. Bd4 Qf4 26. Rc4 Bxd4 27. Rxd4 Qc1+ 28. Rd1 Qxb2 29. Qxc6 Kg7 30. Bxd5 Qe2 31. Qc3+ Kf8 32. Re1 Qxe1+ 33. Qxe1 Rxd5 34. Qc3 Rd1+ 35. Kh2 Kg8 36. Qc8+ Kg7 37. Qxa6 Rd2 38. Kg3 Rb2 39. Qc4 Rb7 40. a4 Ra7 41. Qd4+ 1-0


[Site "https://www.chess.com"]

[Event "Titled Tuesday Blitz December 20 Early 2022"]
[White "Aza, Saulo"]
[Black "Groz, Jacky"]
[WhiteFideId "4410394"]
[BlackFideId "626643"]
[WhiteElo "1667"]
[BlackElo "2052"]
[Result "0-1"]
[Round "01"]
[TimeControl "180+2"]
[Date "2022.12.20"]
[WhiteClock "0:01:14"]
[BlackClock "0:01:27"]

1. d4 Nf6 2. c4 e6 3. Nc3 Bb4 4. a3 Bxc3+ 5. bxc3 c5 6. e3 O-O 7. Bd3 d5 8. cxd5 exd5 9. Ne2 b6 10. O-O Ba6 11. f3 Re8 12. Bxa6 Nxa6 13. Qd3 Nc7 14. Ng3 Qd7 15. a4 Ne6 16. Bb2 a6 17. Nf5 g6 18. Ng3 b5 19. e4 bxa4 20. e5 Nf4 21. Qd2 N6h5 22. Nxh5 Nxh5 23. g4 Ng7 24. h3 cxd4 25. cxd4 Rab8 26. Ba3 Rb3 27. Kg2 Ne6 28. f4 Qa7 29. f5 Qxd4 30. Qxd4 Nxd4 31. Bd6 Nc2 32. Rxa4 Ne3+ 33. Kf2 Nxf1 34. Kxf1 gxf5 35. Rxa6 Rxh3 36. Kg2 fxg4 37. Ra4 h5 0-1


[Site "https://www.chess.com"]

[Event "Titled Tuesday Blitz December 20 Early 2022"]
[White "Azoulas, Mark"]
[Black "Makswolf200817"]
[WhiteFideId "2033208"]
[WhiteElo "2326"]
[BlackElo "2651"]
[Result "0-1"]
[Round "01"]
[TimeControl "180+2"]
[Date "2022.12.20"]
[WhiteClock "0:02:25"]
[BlackClock "0:01:43"]

1. e4 c5 2. Nc3 d6 3. d4 cxd4 4. Qxd4 Nc6 5. Qd2 g6 6. b3 Bh6 7. f4 e5 8. g3 Nf6 9. Bb2 O-O 10. O-O-O Bg4 11. Be2 Nd4 12. Bxg4 Nxg4 13. h3 Nf6 14. Nge2 Nxe2+ 15. Nxe2 Nxe4 16. Qe3 Nf6 0-1


[Site "https://www.chess.com"]

[Event "Titled Tuesday Blitz December 20 Early 2022"]
[White "BENO_CHESS"]
[Black "Ordekalog"]
[WhiteElo "2706"]
[BlackElo "2796"]
[Result "1/2-1/2"]
[Round "01"]
[TimeControl "180+2"]
[Date "2022.12.20"]
[WhiteClock "0:00:47"]
[BlackClock "0:00:15"]

1. c4 e6 2. d4 d5 3. Nf3 c5 4. cxd5 exd5 5. Bg5 Be7 6. Bxe7 Nxe7 7. Nc3 cxd4 8. Nxd4 Nbc6 9. e3 O-O 10. Be2 Qb6 11. Nb3 Be6 12. O-O Rad8 13. Na4 Qb4 14. Nac5 Bc8 15. a3 Qh4 16. g3 Qf6 17. Nd4 Ne5 18. Nd3 Nc4 19. b3 Nd6 20. Nf4 Ne4 21. Rc1 Rfe8 22. Bg4 Bxg4 23. Qxg4 g6 24. Rc7 Nd6 25. Rfc1 Qe5 26. Nd3 Qe4 27. Qxe4 dxe4 28. Nc5 Nd5 29. Nxb7 Nxc7 30. Nxd8 Ncb5 31. N8c6 Nxa3 32. Nxa7 Rb8 33. Nac6 Ra8 34. Ra1 Kf8 35. b4 Ke8 36. b5 Kd7 37. b6 Kc8 38. Na7+ Kb7 39. Rxa3 Kxb6 40. Nab5 Rxa3 41. Nxa3 Kc5 42. Nb1 Kd5 43. Nc3+ Ke5 44. Nde2 f5 45. Kg2 g5 46. h4 h6 47. hxg5 hxg5 48. Na2 Ne8 49. Nb4 Nf6 50. Nc6+ Kd6 51. Ned4 Nd5 52. Nd8 f4 53. Nf7+ Ke7 54. Nxg5 fxe3 55. Nxe4 exf2 56. Kxf2 Nb4 57. Ke3 Kf8 58. Nc3 Na6 59. g4 Nc7 60. Kf4 Kg8 61. Kf5 Ne8 62. Ne4 Kf7 63. g5 Ng7+ 64. Kg4 Kg6 65. Nf3 Ne6 66. Ne5+ Kg7 67. g6 Nf8 68. Kg5 Nxg6 69. Nxg6 1/2-1/2


[Site "https://www.chess.com"]

[Event "Titled Tuesday Blitz December 20 Early 2022"]
[White "Badlyplayed"]
[Black "Iskusnyh, Sergei"]
[BlackFideId "4120027"]
[WhiteElo "2262"]
[BlackElo "2440"]
[Result "0-1"]
[Round "01"]
[TimeControl "180+2"]
[Date "2022.12.20"]
[WhiteClock "0:00:17"]
[BlackClock "0:00:19"]

1. e4 e6 2. d4 d5 3. e5 c5 4. c3 Nc6 5. Nf3 Nge7 6. Na3 Bd7 7. Be2 cxd4 8. cxd4 Nf5 9. Nc2 Qb6 10. O-O Be7 11. g4 Nh4 12. Nxh4 Bxh4 13. f4 f6 14. Kh1 O-O 15. Rb1 fxe5 16. fxe5 Rxf1+ 17. Qxf1 Rf8 18. Qh3 g5 19. Bd3 h6 20. Be3 Ne7 21. b3 Bb5 22. Rd1 Bxd3 23. Rxd3 Qa6 24. Bg1 Qxa2 25. Rf3 Rxf3 26. Qxf3 Qxc2 27. Qf6 Qe4+ 0-1


[Site "https://www.chess.com"]